 Dungeon Crawl Stone Soup version bcrawl-1.21.3 (webtiles) character file.

Game seed: 114656671119533817

317 Flugslaktarn the Chopper (level 6, -1/37 HPs)
             Began as a Skeleton Archaeologist on Mar 30, 2020.
             Slain by an ogre
             ... wielding a +0 giant spiked club
              (23 damage)
             ... on level 4 of the Dungeon.
             The game lasted 00:01:37 (2384 turns).

Flugslaktarn the Chopper (Skeleton Archaeologist)   Turns: 2384, Time: 00:01:38

Health: -1/37      AC: 11    Str: 19      XL:     6   Next: 20%
Magic:  0/6        EV:  8    Int: 13      God:
Gold:   1631       SH:  0    Dex:  6 (7)  Spells: 5/5 levels left

rFire    . . .     SeeInvis .   j - +0 short sword (venom)
rCold    + . .     Gourm    .   (no shield)
rNeg     + + +     Faith    .   g - +0 chain mail
rPois    ∞         Spirit   +   c - +1 hat
rElec    .         Reflect  .   (no cloak)
rCorr    .         Harm     .   (no gloves)
MR       .....                  d - +1 pair of boots
Stlth    ..........             (no amulet)
HPRegen  0.12/turn              (no ring)
MPRegen  0.10/turn              (no ring)

@: no status effects
A: no food or potions, cold resistance 1, deterioration 1, negative energy
resistance 3, powered by death 1, torment resistance, unbreathing, magic shield,
sturdy frame 1, spell healing
a: no special abilities


You were on level 4 of the Dungeon.
You were not hungry.

You visited 1 branch of the dungeon, and saw 4 of its levels.

You collected 1631 gold pieces.

Inventory:

Hand Weapons
 a - a +0 whip
 j - a +0 short sword of venom (weapon)
   (You found it on level 1 of the Dungeon)
 l - a +0 hand axe
   (You found it on level 1 of the Dungeon)
Armour
 b - a +1 robe
 c - a +1 hat (worn)
 d - a +1 pair of boots (worn)
 g - a +0 chain mail (worn)
   (You found it on level 1 of the Dungeon)
Scrolls
 e - 2 scrolls of magic mapping
 f - a scroll of blinking {unknown}
 h - a scroll of enchant weapon {unknown}
 i - a scroll of identify {unknown}
 k - 3 scrolls of fear {unknown}
 m - a scroll of fog {unknown}
 n - a scroll of amnesia {unknown}


   Skills:
 - Level 3.0 Fighting
 + Level 6.4(6.5) Axes
 - Level 1.2(4.2) Maces & Flails
 - Level 3.0 Dodging
 - Level 3.6 Stealth


You had 5 spell levels left.
You didn't know any spells.
Your spell library was empty.

Dungeon Overview and Level Annotations

Branches:
Dungeon (4/12)
 Temple: D:4-7

Altars:
Hepliaklqana
Lugonu


Innate Abilities, Weirdness & Mutations

You do not eat or drink.
You are immune to poison.
Your flesh is cold resistant. (rC+)
Your body sometimes deteriorates upon taking damage.
You are immune to negative energy. (rN+++)
You regenerate a little health from kills.
You are immune to unholy pain and torment.
You can survive without breathing.
When hurt, damage is shared between your health and your magic reserves.
Your movements are slightly less encumbered by armour. (ER -2)
Casting spells heals you.


Message History

No target in view!
No target in view!
No target in view!
An ogre comes into view. It is wielding a +0 giant spiked club.
The ogre shouts!
The ogre hits you with a +0 giant spiked club!
An ogre is nearby!
An ogre is nearby!
An ogre is nearby!
You hit the ogre.
The ogre is lightly wounded.
You hit the ogre.
The ogre is poisoned.
The ogre is lightly wounded.
The ogre hits you with a +0 giant spiked club!
Your body deteriorates!
You feel clumsy.
You hit the ogre but do no damage.
The ogre looks more poisoned.
The ogre is moderately wounded.
The ogre hits you with a +0 giant spiked club!!
Ouch! That really hurt!
You die...

#.. .. #.# .. #.##
#..# #O.#### ####
##@...### ##..###
##......... #.....###
###......####
##......####..#.....#
#........#..#.......#
###.................#
###....###..........##
##....###
#...........# #..####
#...........#


You could see an ogre.

Vanquished Creatures
  2 orc priests (D:3)
  A centaur skeleton (D:2)
  2 orc wizards (D:3)
  Jessica (D:2)
  Ijyb (D:3)
  An adder (D:3)
  2 worms
  5 dart slugs
  5 leopard geckos
  14 orcs
  3 bats
  A giant cockroach (D:2)
  7 goblins
  13 hobgoblins
  7 kobolds
  4 ball pythons
  3 frilled lizards
  5 rats
77 creatures vanquished.

Notes
Turn   | Place    | Note
-------+----------+-------------------------------------------
     0 | D:1      | Flugslaktarn the Skeleton Archaeologist began the quest for
                  | the Orb.
     0 | D:1      | Reached XP level 1. HP: 12/12 MP: 1/1
   190 | D:1      | Reached XP level 2. HP: 9/17 MP: 0/2
   769 | D:1      | Reached XP level 3. HP: 23/23 MP: 3/3
  1189 | D:2      | Reached skill level 1 in Axes
  1375 | D:2      | Reached skill level 2 in Axes
  1438 | D:2      | Noticed Jessica
  1452 | D:2      | Killed Jessica
  1452 | D:2      | Reached skill level 3 in Axes
  1452 | D:2      | Reached XP level 4. HP: 28/28 MP: 4/4
  1699 | D:3      | Reached skill level 4 in Axes
  1701 | D:3      | Noticed Ijyb
  1923 | D:3      | Reached XP level 5. HP: 32/32 MP: 5/5
  1923 | D:3      | Identified a scroll of acquirement
  1931 | D:3      | Identified the ring of the Unkillable {rF+ Str+6 Int+4
                  | Dex+3} (You acquired it on level 3 of the Dungeon)
  2041 | D:3      | Reached skill level 5 in Axes
  2081 | D:3      | Killed Ijyb
  2168 | D:3      | Found a corrupted altar of Lugonu.
  2185 | D:3      | Reached skill level 6 in Axes
  2185 | D:3      | Gained mutation: You regenerate a little health from kills.
                  | [Skeleton growth]
  2185 | D:3      | Reached XP level 6. HP: 35/37 MP: 6/6
  2219 | D:3      | Found a hazy altar of Hepliaklqana.
  2384 | D:4      | Slain by an ogre

Skill      XL: |  1  2  3  4  5 |
---------------+----------------+-----
Fighting       | 2 3 |  3.0
Axes           | 3 4 6 |  6.4
Maces & Flails | |  1.2
Dodging        | |  3.0
Stealth        | |  3.6

Action                   |  1- 3 |  4- 6 || total
-------------------------+-------+-------++-------
Melee: Short sword       |   137 |   177 ||   314
       Whip              |    15 |       ||    15
  Use: Scroll            |       |     1 ||     1
Armor: Chain mail        |    99 |    97 ||   196
Dodge: Dodged            |    66 |    83 ||   149
